Map: [ESL] Hecate

Players

SKillous

  • Race: Protoss Protoss
  • Spawn Location: 7:00

Reynor - Winner!

  • Race: Zerg Zerg
  • Spawn Location: 1:00

Event: ESL SC2 Masters 2023 Winter (Regional)

VOD

Have the link to the VOD?

Description

Time

  • Played on: Nov. 12, 2023, 12:10 p.m.
  • Length: 9:27

All games in this series

Show
View Real Time Build Order
Export as new Build Order

SKillous Protoss 

Build Orders: 1 Gate Expand, Oracle Opening, Archon Immortal 

Get SALT Encoding   

  12  0:00  Probe  
  13  0:13  Pylon  
  13  0:17  Probe (Chrono Boost)  
  14  0:27  Probe (Chrono Boost)  
  15  0:32  Probe (Chrono Boost)  
  16  0:40  Gateway  
  16  0:44  Probe  
  16  0:48  Assimilator  
  17  0:56  Probe  
  18  1:08  Probe  
  19  1:20  Probe  
  20  1:27  Nexus  
  20  1:38  Cybernetics Core  
  20  1:40  Probe  
  21  1:47  Assimilator  
  21  1:52  Probe  
  22  1:56  Pylon  
  22  2:04  Probe  
  23  2:12  Adept (Chrono Boost)  
  25  2:16  Probe  
  25  2:18  Stargate  
  26  2:28  Warp Gate  
  26  2:29  Probe (Chrono Boost)  
  27  2:32  Adept (Chrono Boost)  
  29  2:39  Probe (Chrono Boost)  
  31  2:47  Probe (Chrono Boost)  
  31  2:48  Probe (Chrono Boost)  
  32  2:53  Probe x2 (Chrono Boost)  
  32  2:56  Adept  
  36  3:02  Oracle (Chrono Boost)  
  36  3:05  Probe  
  40  3:08  Probe  
  40  3:09  Pylon  
  41  3:18  Gateway  
  41  3:19  Probe  
  42  3:20  Probe  
  43  3:31  Oracle (Chrono Boost)  
  46  3:39  Probe  
  44  3:41  Probe  
  44  3:50  Nexus  
  44  3:51  Pylon, Probe  
  44  3:55  Probe  
  46  4:00  Robotics Facility  
  46  4:03  Probe  
  46  4:07  Probe  
  48  4:12  Assimilator  
  48  4:14  Assimilator  
  48  4:15  Probe  
  48  4:16  Adept  
  51  4:20  Pylon, Probe  
  52  4:27  Probe, Pylon  
  53  4:35  Probe  
  54  4:45  Adept x2  
  56  4:48  Probe x2  
  56  4:49  Immortal (Chrono Boost)  
  64  4:55  Gateway  
  64  4:56  Gateway  
  64  5:00  Probe x2  
  64  5:03  Probe  
  66  5:11  Sentry x2  
  66  5:12  Gateway  
  66  5:13  Probe  
  72  5:18  Pylon  
  72  5:19  Probe  
  72  5:21  Warp Prism (Chrono Boost)  
  73  5:25  Probe  
  73  5:27  Probe  
  76  5:35  Gateway  
  76  5:36  Pylon  
  76  5:38  Shield Battery, Probe  
  76  5:40  Probe  
  78  5:43  Sentry x2  
  78  5:45  Probe  
  78  5:47  Pylon  
  83  5:51  Adept  
  81  5:59  Adept  
  81  6:01  Probe  
  81  6:02  Probe  
  81  6:09  Probe  
  82  6:13  Probe  
  82  6:15  Stalker x4  
  82  6:18  Observer, Pylon  
  92  6:19  Pylon  
  92  6:21  Probe  
  92  6:23  Pylon  
  91  6:39  Adept x2  
  93  6:40  Adept x4  
  99  6:50  Probe  
  100  7:01  Adept x6  
  94  7:04  Probe (Chrono Boost)  
  91  7:09  Probe (Chrono Boost)  
  91  7:10  Immortal (Chrono Boost)  
  91  7:14  Probe (Chrono Boost)  
  91  7:15  Twilight Council  
  92  7:18  Assimilator  
  92  7:19  Probe (Chrono Boost), Forge  
  92  7:20  Probe (Chrono Boost)  
  92  7:22  Assimilator  
  94  7:23  Probe (Chrono Boost)  
  94  7:24  Probe (Chrono Boost)  
  94  7:28  Zealot x5  
  94  7:29  Zealot  
  103  7:30  Probe  
  103  7:32  Robotics Facility  
  103  7:33  Charge  
  104  7:41  Probe  
  105  7:46  Immortal (Chrono Boost)  
  109  7:51  Adept x2  
  113  8:04  Gateway  
  113  8:05  Gateway  
  113  8:11  Robotics Bay  
  113  8:19  Templar Archives, Immortal (Chrono Boost)  
  113  8:23  Zealot x3  
  113  8:24  Zealot x3  
  113  8:25  Photon Cannon, Shield Battery  
  125  8:34  Pylon  
  125  8:35  Immortal (Chrono Boost)  
  125  8:38  Pylon  
  125  8:40  Pylon  
  125  8:46  Photon Cannon  
  125  8:55  Shield Battery  
  125  8:56  Disruptor (Chrono Boost), Shield Battery  
  125  8:59  Shield Battery  
  125  9:00  Nexus  
  129  9:05  High Templar x5  
  140  9:10  Archon x2  
  140  9:16  Zealot x3  
Show
View Real Time Build Order
Export as new Build Order

Reynor Zerg - Winner!

Build Orders: Hatch First 

Get SALT Encoding   

  12  0:00  Drone  
  13  0:11  Overlord  
  13  0:16  Drone  
  14  0:30  Drone x2  
  14  0:34  Drone  
  17  0:51  Hatchery  
  17  0:55  Drone  
  17  0:57  Drone  
  18  1:09  Extractor  
  17  1:12  Spawning Pool  
  17  1:15  Drone  
  17  1:18  Drone  
  18  1:27  Drone  
  19  1:38  Drone  
  20  1:49  Overlord  
  20  1:59  Queen  
  22  2:02  Zergling x2  
  22  2:03  Drone, Queen  
  26  2:10  Zergling x2  
  26  2:13  Metabolic Boost  
  26  2:15  Drone  
  28  2:23  Drone  
  28  2:25  Drone  
  30  2:37  Drone, Hatchery  
  30  2:39  Drone  
  30  2:42  Zergling x2  
  32  2:49  Queen  
  34  2:52  Overlord  
  34  2:56  Drone  
  34  2:57  Drone  
  36  3:12  Zergling x4  
  38  3:13  Zergling x2  
  38  3:14  Overlord  
  38  3:16  Drone x2  
  38  3:17  Queen  
  43  3:21  Drone  
  44  3:29  Overlord  
  44  3:34  Drone  
  44  3:36  Drone  
  45  3:42  Drone  
  45  3:43  Queen  
  45  3:47  Drone  
  49  3:50  Drone x2  
  51  3:57  Drone x2  
  51  3:59  Spore Crawler  
  51  4:00  Drone x2  
  51  4:02  Drone  
  55  4:04  Drone  
  55  4:06  Spore Crawler  
  55  4:08  Drone x2  
  57  4:10  Drone  
  57  4:11  Drone  
  57  4:15  Overlord  
  59  4:17  Drone  
  59  4:19  Drone  
  59  4:22  Zergling x6  
  61  4:24  Drone  
  61  4:27  Spore Crawler  
  61  4:30  Queen  
  63  4:34  Drone x2  
  63  4:37  Overlord  
  65  4:40  Drone x2  
  65  4:42  Drone x2  
  65  4:44  Drone  
  70  4:47  Drone x2  
  70  4:48  Drone  
  73  4:53  Overlord, Evolution Chamber  
  73  4:57  Drone  
  73  4:58  Drone  
  74  5:00  Zergling x2  
  74  5:04  Overlord  
  74  5:06  Drone  
  76  5:09  Drone x2  
  76  5:11  Drone x2  
  80  5:16  Zergling x2, Extractor  
  80  5:17  Extractor  
  80  5:20  Zerg Melee Weapons Level 1, Drone x3, Hatchery  
  80  5:21  Drone  
  82  5:24  Lair  
  82  5:26  Zergling x2  
  83  5:30  Queen  
  83  5:32  Drone x4  
  83  5:33  Extractor  
  88  5:36  Overlord  
  88  5:39  Drone  
  89  5:46  Overlord  
  89  5:47  Drone  
  89  5:50  Drone x6  
  89  5:51  Drone  
  89  5:54  Extractor  
  89  5:55  Extractor  
  89  5:56  Overlord  
  92  6:01  Drone x2  
  92  6:03  Drone x2  
  94  6:09  Baneling Nest  
  94  6:11  Zergling x6  
  95  6:14  Queen  
  95  6:16  Roach Warren  
  95  6:17  Zergling x12  
  103  6:18  Queen  
  103  6:25  Zergling x8  
  109  6:30  Overlord, Hydralisk Den  
  107  6:33  Zergling x4  
  107  6:37  Zergling x4  
  107  6:39  Overlord  
  109  6:43  Zergling x8  
  109  6:45  Queen  
  114  6:47  Zergling x8  
  114  6:54  Zergling x10  
  118  6:59  Roach x2  
  118  7:00  Queen  
  121  7:05  Roach x2  
  121  7:06  Roach x3  
  120  7:09  Roach  
  120  7:12  Muscular Augments  
  120  7:13  Centrifugal Hooks  
  120  7:15  Spore Crawler  
  120  7:16  Drone x5  
  120  7:18  Drone  
  120  7:21  Drone x2  
  128  7:25  Drone  
  128  7:34  Overlord  
  128  7:38  Hydralisk x3  
  128  7:40  Hydralisk, Extractor  
  128  7:43  Overlord x3  
  135  7:51  Overlord  
  134  7:52  Overseer  
  134  7:53  Hydralisk x5  
  134  7:56  Drone, Spore Crawler  
  134  7:57  Overlord  
  144  8:01  Hydralisk x4  
  152  8:07  Hydralisk x3  
  152  8:11  Hydralisk x4  
  152  8:12  Hydralisk  
  168  8:13  Zergling x2  
  168  8:16  Zergling x2  
  168  8:17  Zergling x4  
  172  8:22  Zergling x10  
  177  8:27  Overlord  
  176  8:36  Baneling x21  
  176  8:38  Ravager x3  
  176  8:39  Zergling x10  
  183  8:45  Baneling x5  
  183  8:48  Zergling x4  
  183  8:49  Zergling x12  
  190  8:56  Zergling x2  
  190  8:57  Overlord  
Tags
 
Add a new tag
Caveats
  • Supply blocks, unpowered buildings, or Contaminate may cause inaccurate times.
  • Supply counts are checked every 10 seconds.